 Dungeon Crawl Stone Soup version 0.30-a0-457-g4b7bca3bfa (webtiles) character file.

Game seed: 13397552398279970378

232 sokol815 the Covert (level 6, 0/37 HPs)
             Began as a Kobold Delver on Dec 13, 2022.
             Slain by an orc
             ... wielding a +0 flail
              (8 damage)
             ... on level 3 of the Dungeon.
             The game lasted 00:07:25 (3896 turns).

sokol815 the Covert (Kobold Delver)                 Turns: 3896, Time: 00:07:26

Health: 0/37       AC:  9    Str:  9    XL:     6   Next: 25%
Magic:  6/6        EV: 14    Int: 18    God:
Gold:   177        SH:  0    Dex: 18    Spells: 2/5 levels left

rFire   . . .      SeeInvis .    a - +0 short sword
rCold   . . .      Faith    .    (no shield)
rNeg    . . .      Spirit   .    b - +0 leather armour
rPois   .          Reflect  .    m - +1 hat
rElec   .          Harm     .    (no cloak)
rCorr   .          Rampage  .    (no gloves)
Will    .....                    v - +0 pair of boots
Stlth   +++++.....               (no amulet)
HPRegen 0.26/turn                I - +6 ring of intelligence
MPRegen 0.10/turn                A - +4 ring of protection

@: no status effects
A: small, no large weapons, nightstalker 3
a: no special abilities


You were on level 3 of the Dungeon.
You visited 1 branch of the dungeon, and saw 5 of its levels.

You collected 177 gold pieces.

Inventory:

Hand Weapons
 a - a +0 short sword (weapon)
 f - a +0 spear
   (You found it on level 5 of the Dungeon)
 g - a +0 spear of venom
   (You found it on level 1 of the Dungeon)
 p - a +4 hand axe of venom
   (You took it off Terence on level 2 of the Dungeon)
Missiles
 h - 5 poisoned darts
 k - 2 boomerangs
 s - 41 stones
Armour
 b - a +0 leather armour (worn)
 m - a +1 hat (worn)
   (You found it on level 1 of the Dungeon)
 v - a +0 pair of boots (worn)
   (You found it on level 3 of the Dungeon)
Jewellery
 A - a +4 ring of protection (right hand)
   (You found it on level 2 of the Dungeon)
 I - a +6 ring of intelligence (left hand)
   (You found it on level 5 of the Dungeon)
Wands
 d - a wand of digging (3)
Scrolls
 c - a scroll of fog
 n - 5 scrolls of identify {unknown}
 q - a scroll of silence {unknown}
 r - a scroll of enchant weapon {unknown}
 t - a scroll of poison {unknown}
 u - a scroll of immolation {unknown}
 X - a scroll of magic mapping {@r4!r}
Potions
 e - 2 potions of might {unknown}
 i - a potion of flight {unknown}
 j - a potion of cancellation {unknown}
 l - a potion of berserk rage {unknown}
 o - a potion of curing {unknown}
 H - a potion of haste


   Skills:
 - Level 3.2 Fighting
 + Level 4.1 Short Blades
 - Level 2.4 Dodging
 + Level 9.2 Stealth
 + Level 1.5 Conjurations
 + Level 1.5 Earth Magic


You had 2 spell levels left.
You knew the following spells:

 Your Spells              Type           Power      Damage    Failure   Level
x - Stone Arrow           Conj/Erth      10%        3d7       45%         3

Your spell library contained the following spells:

 Spells                   Type           Power      Damage    Failure   Level
 Spider Form              Tmut/Pois      0%         N/A       67%         3
 Animate Armour           Summ/Erth      4%         N/A       92%         4
 Leda's Liquefaction      Hex/Erth       1%         N/A       92%         4
 Ice Form                 Ice/Tmut       0%         N/A       97%         4
 Lehudib's Crystal Spear  Conj/Erth      2%         10d2      100%        8


Dungeon Overview and Level Annotations

Branches:
Dungeon (5/15) Zot: 23451
 Temple: D:4-7

Altars:
Hepliaklqana

Shops:
D:2 *

Annotations:
D:3 3 runed translucent doors, holysushi's ghost, amateur GnWn


Innate Abilities, Weirdness & Mutations

You are small and have problems with some larger weapons.
You are completely attuned to the shadows.


Message History

You climb upwards.
Level annotation: 3 runed translucent doors, holysushi's ghost, amateur GnWn
There is a stone staircase leading down here.
You hit the jackal but do no damage.
The orc priest mumbles some strange prayers to Beogh against you.
You barely resist. The jackal barely misses you.
You hit the orc priest. You hit the orc priest. The jackal misses you.
The orc priest hits you with a +0 hand axe.
You take 3 damage, and have 19/32 hp.
You hit the orc priest.
You kill the orc priest!
The jackal barely misses you.
Your Short Blades skill increases to level 4!
You have reached level 6!
You regained 3 hp, and now have 22/37 hp.
MP restored: 6 You hit the jackal but do no damage.
The jackal bites you but does no damage.
You hit the jackal.
You kill the jackal!
You climb downwards.
The orc shouts!
The orc misses you. The orc hits you but does no damage.
There is a stone staircase leading up here.
The orc wizard hits you but does no damage.
The orc hits you but does no damage. The orc hits you with a +0 short sword.
You climb upwards.
Level annotation: 3 runed translucent doors, holysushi's ghost, amateur GnWn
There is a stone staircase leading down here.
You take 1 damage, and have 22/37 hp.
You barely miss the orc wizard. You closely miss the orc wizard.
The orc closely misses you. The orc wizard barely misses you.
The orc hits you with a +0 flail.
You take 1 damage, and have 21/37 hp.
You closely miss the orc wizard. You completely miss the orc wizard.
The orc closely misses you.
The orc wizard hits you but does no damage.
The orc misses you.
You hit the orc wizard.
You hit the orc wizard but do no damage.
The orc hits you but does no damage. The orc wizard completely misses you.
The orc hits you with a +0 flail.
You take 4 damage, and have 18/37 hp.
You hit the orc wizard. The orc closely misses you.
The orc wizard gestures wildly while chanting.
The orc wizard flickers and vanishes!
Deactivating autopickup; reactivate with Ctrl-A.
You hit the orc but do no damage. You closely miss the orc. The orc misses you.
You hit the orc but do no damage. You hit the orc but do no damage.
The orc hits you with a +0 short sword.
You take 3 damage, and have 17/37 hp.
You hit the orc but do no damage. You hit the orc but do no damage.
The orc hits you but does no damage.
You hit the orc. You barely miss the orc. The orc hits you but does no damage.
You closely miss the orc. You hit the orc but do no damage.
The orc hits you but does no damage.
You hit the orc but do no damage. You hit the orc. You punch the orc.
The orc misses you.
You hit the orc but do no damage. The orc hits you but does no damage.
You hit the orc but do no damage. You punch the orc.
You hit the orc but do no damage. The orc hits you with a +0 short sword.
You take 3 damage, and have 15/37 hp.
You hit the orc.
You kill the orc!
Your extra speed is starting to run out.
Something hits you but does no damage.
Things that are here:
a +0 short sword; a +0 chain mail; an orc corpse You miss something.
You hit something. Something hits you but does no damage.
You hit something. You hit something but do no damage.
You hear some strange, mumbled words.
A magic dart appears from out of thin air!
The magic dart hits you.
You take 4 damage, and have 12/37 hp.
You swing at nothing.
You barely miss the orc.
You feel yourself slow down.
You barely miss something. You closely miss something.
You hit something but do no damage. Something completely misses you.
You hit something.
Reactivating autopickup.
You feel a bit more experienced.
You hit the orc but do no damage. The orc misses you.
You barely miss the orc. You hit the orc but do no damage.
The orc hits you with a +0 flail!
* * * LOW HITPOINT WARNING * * *
You take 7 damage, and have 7/37 hp.
You hit the orc but do no damage. The orc misses you.
You hit the orc. The orc misses you.
You hit the orc. The orc closely misses you.
You hit the orc but do no damage. You hit the orc but do no damage.
The orc hits you with a +0 flail!
You die...

...........................#####.
......######...........#.#.##.###
..#.......##..†......#.#.#.##.###
..#...........>..................
.............o##..#.##.#.####.##.
....##.##.######.........## #.##.
...........# #..........# #.##.
........).## #o##.####### #.#..
.....#.##.# #@##.# #.#..
#....#.##.######.##.# #.#..
.....<...........##.# ###.#..
.....#.##.######.##.# #.....#
.....#.##.# #.##.# #.#.#..
.....#.##.# #.##.# #.#...†
####.####.######.##.# #......
#.##..........##.# #.#.###
####.##.#.########### #.#.#


You could see an orc.

Vanquished Creatures
  A howler monkey (D:5)
  An orc priest (D:3)
  Terence (D:2)
  An orc wizard (D:3)
  A gnoll (D:1)
  2 adders (D:2)
  2 worms
  3 orcs (D:3)
  4 ball pythons
  5 bats
  8 endoplasms
  2 giant cockroaches (D:1)
  8 goblins
  4 hobgoblins
  10 jackals
  8 kobolds
  3 frilled lizards
  7 rats
71 creatures vanquished.

Vanquished Creatures (others)
  2 fungi (D:3)
  2 plants (D:3)
  4 toadstools (D:1)
8 creatures vanquished.

Grand Total: 79 creatures vanquished

Notes
Turn   | Place    | Note
-------+----------+-------------------------------------------
     0 | D:5      | sokol815 the Kobold Delver began the quest for the Orb.
     0 | D:5      | Reached XP level 1. HP: 14/14 MP: 1/1
    55 | D:5      | Noticed an orc wizard
    62 | D:5      | Noticed an orc priest
    80 | D:5      | Noticed an ice beast
    87 | D:5      | Noticed an ogre
    88 | D:5      | Noticed an iguana
   126 | D:5      | Noticed a scorpion
   127 | D:5      | Noticed a howler monkey
   131 | D:5      | Killed a howler monkey
   132 | D:5      | Reached skill level 8 in Stealth
   132 | D:5      | Reached XP level 2. HP: 19/19 MP: 2/2
   132 | D:5      | Reached XP level 3. HP: 23/23 MP: 3/3
   255 | D:2      | Found Hydicwia's General Store.
   328 | D:2      | Reached XP level 4. HP: 26/28 MP: 4/4
   608 | D:1      | Found a faded altar of an unknown god.
   623 | D:1      | Reached skill level 3 in Short Blades
  1704 | D:2      | Reached XP level 5. HP: 32/32 MP: 5/5
  1708 | D:2      | Learned a level 3 spell: Stone Arrow
  1841 | D:2      | Noticed Terence
  1845 | D:2      | Killed Terence
  1846 | D:2      | Reached skill level 9 in Stealth
  2598 | D:2      | Reached skill level 1 in Conjurations
  2598 | D:2      | Reached skill level 1 in Earth Magic
  2962 | D:3      | Found a runed translucent gate.
  2964 | D:3      | Found a runed translucent gate.
  2986 | D:3      | Found a runed translucent gate.
  2989 | D:3      | Noticed holysushi's ghost (amateur GnWn)
  3185 | D:3      | Found a hazy altar of Hepliaklqana.
  3467 | D:3      | Got Sif Muna's Omnibus of Glamour and Changing
  3840 | D:3      | Reached skill level 4 in Short Blades
  3840 | D:3      | Reached XP level 6. HP: 22/37 MP: 6/6
  3891 | D:3      | HP: 7/37 [orc/+0 flail (7)]
  3896 | D:3      | Slain by an orc

Illustrated notes

Levels and vault maps discovered:
D:1:      ldierk_walled_garden_2, layout_basic, ebering_ecumenical_altar_box,
          chequers_serial_rivers_micro_a, minmay_hedge_maze, minmay_tromino_v4_a
D:2:      layout_basic, serial_shops, nicolae_shop_waterfront, uniq_terence
D:3:      layout_basic, mainiacjoe_overflow_cross_hatched,
          gammafunk_ghost_nasty_kobolds, minivault_23
D:4:      layout_rooms, uniq_pikel, uniq_natasha, uniq_pargi
D:5:      layout_basic, nzn_wu_jian_contemplation, kennysheep_generic_room_9

Skill      XL: |  1  2  3  4  5 |
---------------+----------------+-----
Stealth        | 8 9 |  9.2
Short Blades   | 3 4 |  4.1
Conjurations   | 1 |  1.5
Earth Magic    | 1 |  1.5
Fighting       | |  3.2
Dodging        | |  2.4

Action                   |  1- 3 |  4- 6 || total
-------------------------+-------+-------++-------
Melee: Short sword       |    17 |   171 ||   188
       Punch             |       |     2 ||     2
Throw: Stone             |     2 |       ||     2
  Use: Potion            |     1 |     1 ||     2
       Scroll            |     1 |       ||     1
 Stab: Sleeping          |     4 |    45 ||    49
Armor: Leather armour    |     2 |    30 ||    32
Dodge: Dodged            |    14 |    66 ||    80

Table legend: (Time is in decaauts)
 A = Elapsed time spent in this place.
 B = Non-inter-level travel time spent in this place.
 C = Inter-level travel time spent in this place.
 D = Time resting spent in this place.
 E = Time spent auto-exploring this place.
 F = Levels seen in this place.
 G = Mean time per level.
                   A        B        C        D        E       F      G
               +--------+--------+--------+--------+--------+-----+--------+
         Total |   3828 |   3726 |    102 |     11 |   3059 |   5 |  765.6 |
       Dungeon |   3828 |   3726 |    102 |     11 |   3059 |   5 |  765.6 |
               +--------+--------+--------+--------+--------+-----+--------+

Top non-repeatable levels by time:
     D:2: 1267 daAuts
     D:1: 1224 daAuts
     D:3: 1101 daAuts
     D:5: 198 daAuts
     D:4: 36 daAuts

Table legend:
 A = Kills in this place as a percentage of kills in entire the game.
 B = Kills by you in this place as a percentage of kills by you in the entire game.
 C = Kills by friends in this place as a percentage of kills by friends in the entire game.
 D = Other kills in this place as a percentage of other kills in the entire game.
 E = Experience gained in this place as a percentage of experience gained in the entire game.
 F = Experience gained in this place divided by the number of levels of this place that you have seen.
                   A       B       C       D       E      F
               +-------+-------+-------+-------+-------+----------------------
         Total | 100.0 | 100.0 |   N/A |   N/A | 100.0 |  66.4
       Dungeon | 100.0 | 100.0 |   N/A |   N/A | 100.0 |  66.4
               +-------+-------+-------+-------+-------+----------------------
